AoeStats
← drloving3

Arabia

510282327Analyzed
1v1 RM · 2d ago on Sep 30, 2026· 39m 31s· 2 players
Game mode
Random Map
Map size
Tiny (2 player)
Population
200
Speed
Normal
Resources
Standard
Victory
Conquest
Starting age
Dark Age
Ending age
Imperial Age
RankedLock teamsTeams togetherTeam positionsShared explorationLock speedFull tech treeHidden civsTurbo modeCheats
Victory
Defeat
🇺🇸 Varangians · United States
1129
+16
🇨🇱 Mapuche · Chile
1121
-16
Maltés
5:52 Loom
5:57 Loom
9:33 Feudal Age
15:06 Double-Bit Axe
15:01 Horse Collar
15:15 Gold Mining
22:48 Castle Age
22:51 Scale Mail Armor
22:42 Fletching
22:59 Pikeman
24:17 Bow Saw
24:27 Forging
28:41 Bodkin Arrow
28:39 Town Watch
29:32 Wheelbarrow
30:06 Padded Archer Armor
34:45 Ballistics
drloving3
6:10 Loom
9:21 Feudal Age
10:15 Double-Bit Axe
12:40 Bloodlines
12:47 Horse Collar
16:14 Wheelbarrow
22:32 Castle Age
21:07 Scale Barding Armor
21:39 Gold Mining
22:26 Forging
23:16 Husbandry
23:51 Chain Barding Armor
30:25 Iron Casting
32:50 Heavy Plow
36:02 Hand Cart
35:42 Stone Mining
40:30 Imperial Age
37:45 Light Cavalry
39:46 Herbal Medicine
Connection lost

Rejoining the realm…

Still unreachable

The connection could not be restored.

Session expired

The server has moved on; the page needs a fresh start.